 Dungeon Crawl Stone Soup version 0.23-a0-558-g30802b1 (webtiles) character file.

44 zishaf the Insei (level 3, -5/21 HPs)
             Began as a Tengu Transmuter on Dec 12, 2018.
             Slain by Natasha (6 damage)
             ... on level 2 of the Dungeon.
             The game lasted 00:03:44 (1448 turns).

zishaf the Insei (Tengu Transmuter)                 Turns: 1448, Time: 00:03:44

Health: -5/21      AC:  4    Str: 10    XL:     3   Next: 62%
Magic:  7/7        EV: 12    Int: 14    God:
Gold:   77         SH:  0    Dex: 14    Spells: 3/6 levels left

rFire    . . .     SeeInvis +   k - -2 whip (curse)
rCold    . . .     Gourm    .   (no shield)
rNeg     . . .     Faith    .   m - +0 leather armour
rPois    .         Spirit   .   (helmet restricted)
rElec    .         Reflect  .   (no cloak)
rCorr    .         Harm     .   j - +0 pair of gloves
MR       .....                  (boots unavailable)
Stlth    +.........             (no amulet)
HPRegen  0.07/turn              g - ring of see invisible
MPRegen  0.10/turn              (no ring)

@: no status effects
A: beak, talons 3
a: no special abilities


You were on level 2 of the Dungeon.
You were not hungry.

You visited 1 branch of the dungeon, and saw 2 of its levels.

You collected 77 gold pieces.

Inventory:

Hand Weapons
 k - a cursed -2 whip (weapon)
 n - a cursed +0 hunting sling
Missiles
 a - 29 arrows
 o - 65 stones (quivered)
Armour
 b - a +0 robe
 j - a +0 pair of gloves (worn)
 m - a +0 leather armour (worn)
Jewellery
 g - a ring of see invisible (left hand)
Scrolls
 f - a scroll of amnesia
 h - a scroll of remove curse {unknown}
 i - a scroll of teleportation {unknown}
Potions
 e - a potion of heal wounds {unknown}
 l - a potion of haste
Comestibles
 c - 2 chunks of flesh
 d - 5 rations


   Skills:
 + Level 1.7 Fighting
 + Level 2.7 Dodging
 - Level 3.4 Unarmed Combat
 - Level 2.0 Spellcasting
 * Level 2.4 Transmutations


You had 3 spell levels left.
You knew the following spells:

 Your Spells              Type           Power        Failure   Level  Hunger
a - Beastly Appendage     Tmut           #.....       12%         1    ##.....
b - Sticks to Snakes      Tmut           #.......     19%         2    ###....

Your spell library contained the following spells:

 Spells                   Type           Power        Failure   Level  Hunger
 Spider Form              Tmut/Pois      #.........   52%         3    ####...
 Ice Form                 Ice/Tmut       #.......     89%         4    #####..
 Blade Hands              Tmut           #.........   97%         5    ######.


Dungeon Overview and Level Annotations

Branches:
Dungeon (2/15)

Altars:

Annotations:
D:2 Natasha


Innate Abilities, Weirdness & Mutations

You have a beak for a mouth.
You have claws for feet.


Message History

Natasha mumbles some strange words.
You hit the frilled lizard.
You kill the frilled lizard!
You hit the rat. You claw the rat.
You kill the rat!
Natasha mumbles some strange words.
Natasha's front paws start to glow.
You closely miss Natasha. Natasha closely misses you.
You closely miss Natasha. Your peck misses Natasha. Natasha claws you!
* * * LOW HITPOINT WARNING * * *
You hit Natasha. You claw Natasha. You peck Natasha.
Natasha is severely wounded.
Natasha claws you but does no damage.
You hit Natasha but do no damage.
Natasha is severely wounded.
Natasha closely misses you.
You closely miss Natasha. You peck Natasha.
Natasha is severely wounded.
Natasha claws you.
You die...

+..# ##.# ##### ##.#
#...#
.#.#############.#.#
......>.)........#.#
.#.###############.#
.#.# #.5.h.r..5#.#
.#.# #.#######h#.#
.#.# #.# #@#.# .#.#
#h# #.#.# .#.# #.#
..#.# .#.#
#.#########.#
.#.#####...........#
...h....############
........# ........#
........#


You could see Natasha and a crimson imp.

Vanquished Creatures
  Robin (D:1)
  2 dart slugs (D:1)
  A giant cockroach (D:1)
  4 hobgoblins (D:1)
  5 bats (D:1)
  5 frilled lizards
  6 goblins
  3 kobolds (D:1)
  5 rats
32 creatures vanquished.

Notes
Turn   | Place    | Note
-------+----------+-------------------------------------------
     0 | D:1      | zishaf the Tengu Transmuter began the quest for the Orb.
     0 | D:1      | Reached XP level 1. HP: 12/12 MP: 4/4
   133 | D:1      | Reached XP level 2. HP: 16/16 MP: 6/6
   481 | D:1      | Learned a level 2 spell: Sticks to Snakes
   877 | D:2      | Reached XP level 3. HP: 20/20 MP: 7/7
  1048 | D:2      | Noticed Robin
  1257 | D:1      | Killed Robin
  1422 | D:2      | Noticed Natasha
  1445 | D:2      | HP: 1/21 [Natasha (7)]
  1448 | D:2      | Slain by Natasha

Vault maps used:
D:1:      mrwooster_arrival_statue
D:2:      hangedman_glass_teeth, minmay_pentomino_s4, uniq_natasha, uniq_robin

Skill      XL: |  1  2 |
---------------+-------+-----
Transmutations | 2 |  2.4
Fighting       | |  1.7
Dodging        | |  2.7
Unarmed Combat | |  3.4
Spellcasting   | |  2.0

Action                   || total
-------------------------++-------
Melee: Unarmed           ||    30
       Kick              ||    20
       Whip              ||    56
       Peck              ||     9
  Use: Scroll            ||     2
 Stab: Sleeping          ||     1
  Eat: Chunk             ||     2
Armor: Robe              ||     7
       Leather armour    ||    12
Dodge: Dodged            ||    61

Table legend:
 A = Non-vault XP
 B = Vault XP
 C = Vault XP percentage of total XP
 D = Non-vault monster count
 E = Vault monster count
 F = Vault count percentage of total count
                 A         B        C        D         E       F
            +---------+---------+-------+---------+---------+-------
      Total |      36 |      28 |  43.8 |      25 |       7 |  21.9
            +---------+---------+-------+---------+---------+-------
        D:1 |      31 |      26 |  45.6 |      20 |       6 |  23.1
        D:2 |       5 |       2 |  28.6 |       5 |       1 |  16.7
            +---------+---------+-------+---------+---------+-------
